 Dungeon Crawl Stone Soup version 0.27-a0-67-g4bfc8a49e1 (webtiles) character file.

Game seed: 5476373580895876514

35625 Borgoz the Slicer (level 14, 0/81 HPs)
             Began as a Kobold Gladiator on Jan 9, 2021.
             Was an Elder of Hepliaklqana.
             Slain by a vault guard
             ... wielding a +0 glaive
              (12 damage)
             ... on level 13 of the Dungeon.
             The game lasted 00:25:07 (18157 turns).

Borgoz the Slicer (Kobold Gladiator)               Turns: 18157, Time: 00:25:08

Health: 0/81       AC: 16    Str: 19    XL:     14   Next: 19%
Magic:  17/17      EV: 27    Int: 11    God:    Hepliaklqana [****..]
Gold:   556        SH:  7    Dex: 22    Spells: 13/13 levels left

rFire    . . .     SeeInvis .   b - +7 short sword "Zeppoig" {protect, +Fly rPois Str+4}
rCold    . . .     Faith    .   H - +0 buckler
rNeg     . . .     Spirit   .   L - +0 troll leather armour
rPois    +         Reflect  .   c - +1 helmet
rElec    .         Harm     .   (no cloak)
rCorr    .         Rampage  .   l - +0 pair of gloves
Will     +....                  (no boots)
Stlth    +++++.....             (no amulet)
HPRegen  0.63/turn              N - +6 ring of dexterity
MPRegen  0.15/turn              J - +4 ring of slaying

@: protection aura
A: small, reduced essence, nightstalker 3
a: Renounce Religion, Evoke Flight, Recall Ancestor, Ancestor Identity,
Transference, Idealise


You were on level 13 of the Dungeon.
You worshipped Hepliaklqana.
Hepliaklqana was greatly pleased with you.
You visited 2 branches of the dungeon, and saw 14 of its levels.

You collected 981 gold pieces.
You spent 425 gold pieces at shops.

Inventory:

Hand Weapons
 a - a +1 rapier
 b - the +7 short sword "Zeppoig" (weapon) {protect, +Fly rPois Str+4}
   (You bought it in a shop on level 8 of the Dungeon)

   It grants its wielder temporary protection when it strikes (+7 to AC).
   It affects your strength (+4).
   It protects you from poison.
   It lets you fly.
Missiles
 d - 2 throwing nets (quivered)
Armour
 c - a +1 helmet (worn)
 l - a +0 pair of gloves (worn)
 D - +0 swamp dragon scales
 H - a +0 buckler (worn)
 L - a +0 troll leather armour (worn)
Jewellery
 k - an uncursed ring of see invisible
 s - a +6 ring of intelligence
 u - an uncursed ring of flight
 J - a +4 ring of slaying (right hand)
 N - a +6 ring of dexterity (left hand)
Wands
 e - a wand of disintegration (11)
 n - a wand of paralysis (15)
 p - a wand of enslavement (18)
 y - a wand of random effects (14)
 A - a wand of acid (8)
 G - a wand of iceblast (5)
 K - a wand of flame (30)
 M - a wand of digging (5)
 P - a wand of polymorph (10)
Scrolls
 f - 10 scrolls of teleportation
 g - 4 scrolls of identify
 h - 4 scrolls of remove curse
 o - a scroll of amnesia
 r - 4 scrolls of fear
 x - a scroll of blinking
 B - 2 scrolls of enchant armour
 C - a scroll of summoning
 E - 4 scrolls of fog
Potions
 i - 3 potions of brilliance
 j - 2 potions of ambrosia
 m - 3 potions of lignification
 q - 7 potions of curing
 t - 3 potions of might
 v - 3 potions of mutation
 w - a potion of resistance
 z - 2 potions of cancellation
 F - 5 potions of invisibility
 I - 3 potions of haste


   Skills:
 + Level 11.5 Fighting
 + Level 13.7 Short Blades
 - Level 2.1 Throwing
 + Level 8.9 Armour
 + Level 12.7 Dodging
 - Level 7.0 Stealth
 - Level 6.0 Shields
 - Level 5.0 Invocations
 - Level 5.0 Evocations


You had 13 spell levels left.
You didn't know any spells.
Your spell library contained the following spells:

 Spells                   Type           Power        Failure   Level
 Bolt of Magma            Conj/Fire/Erth 0%           100%        5
 Irradiate                Conj/Tmut      0%           100%        5
 Iskenderun's Battlesphe  Conj           0%           100%        5
 Hydra Form               Tmut           0%           100%        6
 Iron Shot                Conj/Erth      0%           100%        6
 Statue Form              Tmut/Erth      0%           100%        6
 Dragon Form              Tmut           0%           100%        7
 Orb of Destruction       Conj           0%           100%        7
 Spellforged Servitor     Conj/Summ      0%           100%        7


Dungeon Overview and Level Annotations

Branches:
Dungeon (13/15)            Temple (1/1) D:5            Lair (0/6) D:8
    Orc (0/2) D:10         Vaults (0/5) D:13

Altars:
Ashenzari
Cheibriados
Dithmenos
Elyvilon
Fedhas
Gozag
Hepliaklqana
Kikubaaqudgha
Makhleb
Nemelex Xobeh
Okawaru
Qazlal
Ru
Sif Muna
Trog
Uskayaw
Vehumet
Wu Jian
Xom
Yredelemnul
Zin
The Shining One

Shops:
D:6 }   D:7 }   D:8 *   D:12 !


Innate Abilities, Weirdness & Mutations

You are small and have problems with some larger weapons.
You are completely attuned to the shadows.
Your life essence is reduced to manifest your ancestor. (-10% HP)


Message History

You block the yaktaur's attack. You block the wizard's attack.
The vault guard hits you with a +0 glaive!
* * * LOW HITPOINT WARNING * * *
The vault guard completely misses you.
Babushka closely misses the wizard.
Found 19 gold pieces, a flail and 23 stones.
There are monsters nearby!
You completely miss the vault guard.
The vault guard is almost dead.
You block the yaktaur's attack.
You hit the vault guard.
The vault guard is almost dead.
The wizard howls an incantation.
You feel disoriented. The wizard misses you.
You closely miss the vault guard.
The vault guard is almost dead.
You block the yaktaur's attack.
Babushka hits the wizard with a +0 flail.
The vault guard hits you with a +0 glaive!
You die...

####........(((.....##
#.#
#.....(....).....<.##
#.#
#............)....##
##.#
#..#############.##
#..#
#..#.....#.).$(#.#
#).#
#..'....(#!...$#.#
#..##
#..'..⌠..#..∩..#.#
#...###
#..'.....#.pp..#.#
##.....
##.#.....#.c@R.#.##
######
#.##'''###(p'##..##
#.#.....#†....#.#R###
#.#...).'()...#.##..##
#.#..⌠..)†.⌠..#.##...#
#.#.....'.....#.###..#
#.#((...#....?#.#.R.##
#.#############.#####
#....)..........#


You could see the friendly Babushka the knight, 2 vault guards, a yaktaur (soul
bound) and a wizard (soul bound).

Vanquished Creatures
  A boulder beetle (D:13)
  A death knight (D:13)
  2 centaur warriors (D:13)
  A catoblepas (D:13)
  A two-headed ogre (D:11)
  A tengu warrior (D:10)
  The ghost of emiel the Fighter, a novice DsWn of Cheibriados (D:9)
  A skeletal warrior (D:13)
  An unseen horror (D:10)
  A wizard (D:13)
  2 necromancers (D:13)
  A phantasmal warrior (D:13)
  A deep elf mage (D:13)
  An oklob plant (D:5)
  2 manticores (D:13)
  3 ugly things
  2 cyclopes (D:13)
  2 centaur zombies (D:13)
  Maggie (D:8)
  Psyche (D:8)
  3 centaur skeletons
  A kobold demonologist (D:11)
  A freezing wraith (D:13)
  3 polar bears (D:12)
  2 trolls
  A meliai zombie (D:12)
  A slime creature (D:13)
  2 spriggans (D:9)
  3 wraiths
  A yak (shapeshifter) (D:11)
  A vampire (D:13)
  A shadow (D:13)
  25 yaks
  2 wyverns
  15 humans (D:13)
  A neqoxec (D:10)
  Grum (D:8)
  A soldier ant (D:11)
  Edmund (D:4)
  A water moccasin (D:9)
  13 orc warriors
  A phantom (D:9)
  A sky beast (D:11)
  6 black bears
  9 ice beasts
  3 ogres
  A necrophage (D:6)
  3 wolves (D:8)
  15 centaurs
  22 big kobolds
  7 bullfrogs
  7 scorpions
  6 killer bees (D:9)
  15 wights
  8 howler monkeys
  3 quasits (D:10)
  2 jellies
  6 hounds
  5 orc priests
  2 bullfrog skeletons
  A gnoll shaman (D:5)
  6 iguanas
  7 orc wizards
  9 worker ants
  A hound zombie (D:5)
  2 hound skeletons
  6 gnolls
  14 adders
  A howler monkey skeleton (D:9)
  3 shadow imps
  2 white imps
  2 ufetubi (D:8)
  4 oozes
  4 worms (D:2)
  4 adder skeletons
  A dart slug (D:2)
  4 leopard geckos
  32 orcs
  A ball python (D:3)
  10 bats
  4 giant cockroaches
  11 goblins
  10 hobgoblins
  10 jackals
  3 quokkas
  12 frilled lizards
  25 kobolds
  8 rats
426 creatures vanquished.

Vanquished Creatures (collateral kills)
  The ghost of Scuka the Transmogrifier, a journeyman DrTm of Makhleb (D:10)
  A tengu warrior (D:10)
  A skeletal warrior (D:13)
  2 humans (D:13)
  A yak (D:8)
  A wraith (D:13)
  The ghost of arkorax the Ducker, an amateur DsEn (D:3)
  An orc warrior (D:6)
  An ice beast (D:12)
  A centaur (D:11)
  A bullfrog (D:6)
  A wight (D:11)
  A quasit (D:6)
  2 jellies (D:6)
  2 orc priests (D:10)
  An iguana (D:13)
  2 orc wizards
  A worker ant (D:6)
  2 gnolls
  A worker ant zombie (D:6)
  An adder (D:10)
  A shadow imp (D:6)
  6 orcs
  A bat (D:3)
  2 jackals
  5 kobolds (D:11)
41 creatures vanquished.

Vanquished Creatures (others)
  2 knights
  An ancestor (D:5)
  14 fungi
  30 plants
47 creatures vanquished.

Grand Total: 514 creatures vanquished

Notes
Turn   | Place    | Note
-------+----------+-------------------------------------------
     0 | D:1      | Borgoz the Kobold Gladiator began the quest for the Orb.
     0 | D:1      | Reached XP level 1. HP: 12/12 MP: 1/1
   122 | D:1      | Reached XP level 2. HP: 14/18 MP: 2/2
   135 | D:1      | Reached skill level 1 in Stealth
   333 | D:1      | Reached XP level 3. HP: 22/22 MP: 3/3
  1264 | D:2      | Reached XP level 4. HP: 27/27 MP: 4/4
  1272 | D:2      | Reached skill level 1 in Armour
  2005 | D:2      | Reached XP level 5. HP: 29/32 MP: 5/5
  2134 | D:2      | Found a white marble altar of Elyvilon.
  2786 | D:3      | Found a transporter.
  2793 | D:3      | Found a transporter.
  2804 | D:3      | Reached skill level 5 in Short Blades
  3135 | D:3      | Noticed arkorax's ghost (amateur DsEn)
  3546 | D:4      | Noticed Edmund
  3565 | D:4      | Killed Edmund
  3566 | D:4      | Reached XP level 6. HP: 14/38 MP: 6/6
  3783 | D:4      | Found a sparkling altar of Nemelex Xobeh.
  3882 | D:4      | Reached skill level 5 in Dodging
  4074 | D:4      | Reached XP level 7. HP: 42/42 MP: 7/7
  4264 | D:5      | Entered Level 5 of the Dungeon
  4794 | D:5      | Found a staircase to the Ecumenical Temple.
  4943 | D:5      | Reached skill level 6 in Short Blades
  4944 | Temple   | Entered the Ecumenical Temple
  5230 | Temple   | Became a worshipper of Hepliaklqana the Forgotten
  5401 | D:5      | Reached skill level 5 in Stealth
  5796 | D:5      | Reached XP level 8. HP: 43/43 MP: 8/8
  6089 | D:5      | Noticed an oklob plant
  6099 | D:5      | Found a blossoming altar of Fedhas.
  6604 | D:6      | Reached skill level 5 in Fighting
  6678 | D:6      | Reached skill level 7 in Short Blades
  7006 | D:6      | Found Rueh's Gadget Shop.
  7396 | D:6      | Reached * piety under Hepliaklqana
  7983 | D:6      | Found a shadowy altar of Dithmenos.
  8156 | D:6      | Reached XP level 9. HP: 49/49 MP: 9/9
  8160 | D:6      | Found a shimmering altar of Xom.
  8345 | D:7      | Reached skill level 8 in Short Blades
  8874 | D:7      | Reached ** piety under Hepliaklqana
  8888 | D:7      | Remembered your ancestor Babushka as a knight
  9056 | D:7      | Found Exeriej's Gadget Shop.
  9125 | D:7      | Found a glowing silver altar of Zin.
  9220 | D:8      | Noticed Psyche
  9222 | D:8      | Killed Psyche
  9262 | D:8      | Reached skill level 9 in Short Blades
  9267 | D:8      | Found Umnafih's Assorted Antiques.
  9283 | D:8      | Bought a smoking short sword for 224 gold pieces
  9283 | D:8      | Bought a scroll of teleportation for 84 gold pieces
  9283 | D:8      | Identified the +7 short sword "Zeppoig" {protect, +Fly
                  | rPois Str+4} (You bought it in a shop on level 8 of the
                  | Dungeon)
  9399 | D:8      | Reached skill level 5 in Armour
  9410 | D:8      | Noticed Maggie
  9422 | D:8      | Killed Maggie
  9423 | D:8      | Reached XP level 10. HP: 39/56 MP: 10/10
  9445 | D:8      | Found a staircase to the Lair.
  9811 | D:8      | Noticed Grum
  9817 | D:8      | Killed Grum
  9833 | D:8      | Reached skill level 10 in Short Blades
 10825 | D:9      | Found a broken altar of Ashenzari.
 10884 | D:9      | Found a runed translucent door.
 10905 | D:9      | Reached *** piety under Hepliaklqana
 11228 | D:9      | Noticed emiel's ghost (novice DsWn)
 11465 | D:9      | Identified the cursed +1 trident of Moderation {drain,
                  | rElec Dex+4}
 11481 | D:10     | Entered Level 10 of the Dungeon
 11503 | D:10     | Reached skill level 1 in Evocations
 11715 | D:10     | Reached skill level 1 in Invocations
 11847 | D:10     | Reached XP level 11. HP: 62/62 MP: 12/12
 11931 | D:10     | Noticed a tengu warrior
 11932 | D:10     | Noticed a tengu warrior
 11940 | D:10     | Killed a tengu warrior
 11941 | D:10     | Reached skill level 1 in Shields
 11968 | D:10     | Killed a tengu warrior
 12109 | D:10     | Found a transporter.
 12112 | D:10     | Noticed Scuka's ghost (journeyman DrTm)
 12120 | D:10     | Found a transporter.
 12332 | D:10     | Reached skill level 10 in Dodging
 12571 | D:10     | Found a staircase to the Orcish Mines.
 12628 | D:10     | Noticed an unseen horror
 12632 | D:10     | Killed an unseen horror
 12633 | D:10     | Reached skill level 11 in Short Blades
 12958 | D:3      | Killed arkorax's ghost
 13130 | D:5      | Killed an oklob plant
 13554 | D:9      | Killed emiel's ghost
 13704 | D:10     | Reached XP level 12. HP: 53/68 MP: 14/14
 13729 | D:10     | Killed Scuka's ghost
 14157 | D:11     | Reached skill level 5 in Evocations
 14220 | D:11     | Noticed a soul eater
 14492 | D:11     | Reached **** piety under Hepliaklqana
 14592 | D:11     | Reached skill level 5 in Invocations
 14827 | D:11     | Found a shadowy altar of Dithmenos.
 14985 | D:11     | Noticed a two-headed ogre
 14997 | D:11     | Killed a two-headed ogre
 15075 | D:12     | Reached skill level 10 in Fighting
 15075 | D:12     | Reached skill level 12 in Short Blades
 15680 | D:12     | Reached XP level 13. HP: 73/73 MP: 16/16
 15951 | D:12     | Found Padwotel's Distillery.
 15956 | D:12     | Bought a potion of might for 52 gold pieces
 15956 | D:12     | Bought a potion of berserk rage for 65 gold pieces
 16483 | D:13     | Reached skill level 5 in Shields
 16791 | D:13     | Noticed a boulder beetle
 16811 | D:13     | Killed a boulder beetle
 16882 | D:13     | Reached skill level 13 in Short Blades
 17292 | D:13     | Noticed a centaur warrior
 17302 | D:13     | Killed a centaur warrior
 17326 | D:13     | Noticed a centaur warrior
 17339 | D:13     | Killed a centaur warrior
 17348 | D:13     | Noticed a catoblepas
 17372 | D:13     | Killed a catoblepas
 17559 | D:13     | Reached XP level 14. HP: 54/81 MP: 17/17
 18129 | D:13     | Found a gate to the Vaults.
 18157 | D:13     | Slain by a vault guard

Illustrated notes

Levels and vault maps discovered:
D:1:      minmay_arrival_split_and_join, layout_basic, grunt_decor_one_mirror,
          minmay_cut_off
D:2:      layout_rooms, elyvilon_altar_5
D:3:      layout_loops_ring, gammafunk_ghost_arena, grunt_ministairs_13
D:4:      layout_cave_pools, nemelex_xobeh_ov_fountains_minmay, feat_on_display,
          uniq_edmund
D:5:      layout_layer_cave, minmay_temple_entry_sparse_star, tgw_fedhas
D:6:      hangedman_cross_stitches, layout_basic, tgw_xom,
          lemuel_coloured_pillars_altar, serial_shops, nicolae_shop_waterfront
D:7:      layout_basic, kennysheep_mini, serial_shops, shop
D:8:      layout_cave_pods, grunt_lair_entry_orc_guard_hut, serial_shops, shop,
          uniq_grum, uniq_psyche, uniq_maggie
D:9:      layout_irregular_city, kennysheep_mini_moat,
          ebering_ghost_funeral_grove
D:10:     layout_rooms, david_orc_4, gammafunk_ghost_stat_death, st_stairs_12
D:11:     layout_roguey [special_room_kobold], hangedman_decor_peaks_small,
          grunt_dithmenos_smoke
D:12:     layout_roguey, serial_shops, shop, gauntlet_entry_generic, ice2_lemuel
D:13:     minmay_the_grid_octo_tiled_squarecenter
          [minmay_the_grid_octo_thin_diamonds, minmay_the_grid_octo_horde,
          minmay_the_grid_octo_empty, minmay_the_grid_octo_toaster,
          minmay_the_grid_square_5x5_megaprize_hollow,
          minmay_the_grid_square_5x5_two_small,
          minmay_the_grid_square_5x5_forky, minmay_the_grid_square_5x5_n_small,
          minmay_the_grid_square_5x5_corner], layout_layer_cave,
          grunt_vaults_entry_tiered
Temple:   regret_index_temple_sphere_string

Skill      XL: |  1  2  3  4  5  6  7  8  9 10 11 12 13 14 |
---------------+-------------------------------------------+-----
Stealth        | 1 2 3 4 5 7 |  7.0
Dodging        | 4 5 6 8 9 10 11 12 | 12.7
Armour         | 1 2 3 5 6 7 8 |  8.9
Fighting       | 3 4 5 7 8 9 10 11 | 11.5
Short Blades   | 5 6 7 9 10 11 12 13 | 13.7
Evocations     | 1 4 5 |  5.0
Invocations    | 1 3 5 |  5.0
Shields        | 2 4 5 6 |  6.0
Throwing       | |  2.1

Action                   |  1- 3 |  4- 6 |  7- 9 | 10-12 | 13-15 || total
-------------------------+-------+-------+-------+-------+-------++-------
Melee: Rapier            |    93 |   229 |   316 |       |       ||   638
       Short sword       |       |       |    22 |   822 |   485 ||  1329
Throw: Throwing net      |       |     1 |     3 |     1 |     1 ||     6
Invok: Ancestor Life: Kn |       |       |     1 |       |       ||     1
       Ancestor Identity |       |       |     1 |       |       ||     1
  Use: Scroll            |       |     9 |    15 |     2 |     2 ||    28
       Potion            |       |       |       |     2 |     2 ||     4
 Stab: Sleeping          |    10 |    17 |    28 |    37 |    14 ||   106
       Held in net/web   |       |     2 |     1 |     1 |     1 ||     5
       Distracted        |       |       |     1 |     6 |     4 ||    11
Armor: Leather armour    |    34 |    55 |    63 |   136 |     3 ||   291
       Troll leather arm |       |       |       |       |    63 ||    63
Dodge: Dodged            |   105 |   174 |   220 |   558 |   324 ||  1381
Block: Buckler           |       |       |       |   144 |   104 ||   248

Table legend: (Time is in decaauts)
 A = Elapsed time spent in this place.
 B = Non-inter-level travel time spent in this place.
 C = Inter-level travel time spent in this place.
 D = Time resting spent in this place.
 E = Time spent auto-exploring this place.
 F = Levels seen in this place.
 G = Mean time per level.
                   A        B        C        D        E       F      G
               +--------+--------+--------+--------+--------+-----+--------+
         Total |  17512 |  16548 |    964 |   3242 |  10375 |  14 | 1250.9 |
       Dungeon |  17212 |  16332 |    880 |   3242 |  10161 |  13 | 1324.0 |
        Temple |    299 |    215 |     84 |      0 |    214 |   1 |  299.0 |
               +--------+--------+--------+--------+--------+-----+--------+

Top non-repeatable levels by time:
     D:5: 2132 daAuts
     D:6: 1853 daAuts
    D:13: 1802 daAuts
    D:10: 1479 daAuts
     D:1: 1260 daAuts
     D:8: 1259 daAuts
     D:9: 1255 daAuts
     D:3: 1237 daAuts
     D:2: 1130 daAuts
    D:12: 1050 daAuts
     D:7: 1043 daAuts
    D:11: 951 daAuts
     D:4: 756 daAuts
  Temple: 299 daAuts
